Match 45541893
Unlisted

Match 45541893
End
Panzerpioneer Squad
Panzergrenadier Squad
Panzergrenadier Squad
Construct Light Support Kompanie
Panzerjäger Squad
2.5-tonne Medical Truck
Forward Retreat Point
Fire Support Elements
Panzerjäger Mechanized Group
Panzerjäger Squad
Selects Panzerjäger Kommand Battlegroup
Selects Blockade Equipment
Selects Defensive Positions
Selects Tank Busters
Veteran Squad Leaders
Panzerjäger Mechanized Group
2.5-tonne Medical Truck
Pak 38 Mechanized Group
Panzerjäger Squad
Selects Crew Shock Tactics
Dr.D!Di...
Warheads
Otto
JIucu4ka
[PD] PragerSchinken
Akan^
[PD]Bimbi
Nico-Nico-Nii~~
0
0

Comments sign in to comment!

No comments posted yet!